 Seeded DCSS version 0.25-a0-2-g6559c6c (webtiles) character file.

Game seed: 4756008578868161780, levelgen mode: deterministic

183 Illumine the Poker (level 5, 0/30 HPs)
             Began as a Kobold Gladiator on Oct 13, 2019.
             Slain by a sky beast (6 damage)
             ... on level 5 of the Dungeon on Oct 14, 2019.
             The game lasted 00:12:31 (3627 turns).

Illumine the Poker (Kobold Gladiator)               Turns: 3627, Time: 00:12:31

Health: 0/30       AC:  5    Str: 12    XL:     5   Next: 94%
Magic:  5/5        EV: 16    Int:  9    God:
Gold:   190        SH:  0    Dex: 17    Spells: 4/4 levels left

rFire    . . .     SeeInvis .   a - +0 trident
rCold    . . .     Gourm    .   (shield currently unavailable)
rNeg     . . .     Faith    .   b - +0 leather armour
rPois    .         Spirit   .   c - +0 helmet
rElec    .         Reflect  .   (no cloak)
rCorr    .         Harm     .   (no gloves)
MR       .....                  e - +0 pair of boots
Stlth    ++........             (no amulet)
HPRegen  0.10/turn              (no ring)
MPRegen  0.09/turn              (no ring)

@: no status effects
A: small, carnivore
a: no special abilities


You were on level 5 of the Dungeon.
You were completely stuffed.

You visited 1 branch of the dungeon, and saw 5 of its levels.

You collected 190 gold pieces.

Inventory:

Hand Weapons
 a - a +0 trident (weapon)
 i - a +0 hunting sling
 t - a +1 vampiric dagger
Missiles
 g - 176 stones (quivered)
 w - 18 bolts
Armour
 b - a +0 leather armour (worn)
 c - a +0 helmet (worn)
 e - a +0 pair of boots (worn)
 k - a +0 ring mail
Wands
 h - a wand of flame (21)
 v - a wand of digging (4)
Scrolls
 m - a scroll of magic mapping {unknown}
 n - a scroll of enchant armour {unknown}
 o - a scroll of amnesia {unknown}
 s - a scroll of teleportation
Potions
 d - a potion of magic
 l - 2 potions of haste
 p - a potion of degeneration
 q - a potion of might
 r - 2 potions of flight
 u - a potion of invisibility {unknown}
Comestibles
 f - 9 rations
 j - 3 chunks of flesh


   Skills:
 - Level 2.1 Fighting
 * Level 3.1 Short Blades
 - Level 4.1 Polearms
 - Level 2.1 Throwing
 - Level 3.6 Dodging
 + Level 3.2 Stealth


You had 4 spell levels left.
You didn't know any spells.
Your spell library was empty.

Dungeon Overview and Level Annotations

Branches:
Dungeon (5/15)
 Temple: D:4-7

Altars:
Fedhas
Vehumet
Wu Jian


Innate Abilities, Weirdness & Mutations

You are small and have problems with some larger weapons.
You are carnivorous and can eat meat at any time.


Message History

The sky beast is heavily wounded.
The sky beast barely misses you.
Evoke which item? (* to show all) (? for menu, Esc to quit)
Aiming: Throw Flame
Press: ? - help, Shift-Dir - straight line, f/p - sky beast
Aim: a sky beast (heavily wounded)
The puff of flame misses the sky beast.
The sky beast barely misses you.
Evoke which item? (* to show all) (? for menu, Esc to quit)
Aiming: Throw Flame
Press: ? - help, Shift-Dir - straight line, f/p - sky beast
Aim: a sky beast (heavily wounded)
The puff of flame hits the sky beast!
The sky beast is almost dead.
The sky beast hits you but does no damage.
You hit the sky beast but do no damage.
The sky beast is almost dead.
The sky beast hits you.
* * * LOW HITPOINT WARNING * * *
The sky beast shocks you.
You die...

### #.. #
#######.##
####.####
.........#
#........ #..#
#@#
.#####..###Y#
#..........#.#
#######.ยง#<#.#
#......#
.........###
#####.#..#
#..... ###..##


You could see a sky beast.

Vanquished Creatures
  A worker ant (D:3)
  6 gnolls
  2 adders
  A worm (D:2)
  A dart slug (D:3)
  4 leopard geckos
  2 orcs (D:4)
  8 bats
  3 giant cockroaches
  4 goblins
  8 hobgoblins
  7 jackals (D:2)
  12 kobolds
  A quokka (D:3)
  2 ball pythons
  6 frilled lizards
  10 rats
78 creatures vanquished.

Notes
Turn   | Place    | Note
-------+----------+-------------------------------------------
     0 | D:1      | Illumine the Kobold Gladiator began the quest for the Orb.
     0 | D:1      | Reached XP level 1. HP: 12/12 MP: 1/1
   199 | D:1      | Reached skill level 3 in Polearms
   199 | D:1      | Reached XP level 2. HP: 17/17 MP: 2/2
   310 | D:1      | Reached XP level 3. HP: 21/21 MP: 3/3
   818 | D:1      | Reached skill level 1 in Stealth
   818 | D:1      | Reached XP level 4. HP: 13/26 MP: 4/4
  1451 | D:2      | Found an ornate altar of the Wu Jian Council.
  1701 | D:2      | Reached skill level 4 in Polearms
  1998 | D:2      | Found a blossoming altar of Fedhas.
  2083 | D:3      | Reached skill level 1 in Short Blades
  2083 | D:3      | Reached XP level 5. HP: 21/30 MP: 5/5
  3368 | D:4      | Found a radiant altar of Vehumet.
  3407 | D:4      | Noticed an ogre
  3599 | D:5      | Entered Level 5 of the Dungeon
  3599 | D:5      | Noticed a sky beast
  3627 | D:5      | Slain by a sky beast

Levels and vault maps discovered:
D:1:      grunt_arrival_crossed_arrows, layout_rooms, st_stairs_9
D:2:      layout_loops_cross, lemuel_crystal_altar,
          nicolae_overflow_hidden_temple, first_ration, serial_bayou_pond_e,
          kennysheep_generic_room_12
D:3:      layout_rooms
D:4:      layout_loops_ring, minmay_temple_entry_overgrown,
          vehumet_altar_wand_db
D:5:      layout_loops_ring, kennysheep_mini, uniq_crazy_yiuf_cottage

Skill      XL: |  1  2  3  4  5 |
---------------+----------------+-----
Polearms       | 3 4 |  4.1
Stealth        | 1 2 3 |  3.2
Short Blades   | 1 3 |  3.1
Fighting       | |  2.1
Throwing       | |  2.1
Dodging        | |  3.6

Action                   |  1- 3 |  4- 6 || total
-------------------------+-------+-------++-------
Melee: Trident           |    98 |   154 ||   252
       Dagger            |       |    57 ||    57
Throw: Throwing net      |     4 |     3 ||     7
       Stone             |       |     3 ||     3
Evoke: Wand              |       |     5 ||     5
  Use: Potion            |       |     2 ||     2
       Scroll            |       |     8 ||     8
 Stab: Held in net/web   |     1 |       ||     1
       Distracted        |     1 |       ||     1
       Sleeping          |       |     4 ||     4
  Eat: Chunk             |     8 |     9 ||    17
Armor: Leather armour    |    12 |    34 ||    46
Dodge: Dodged            |    72 |   145 ||   217

Table legend:
 A = Non-vault XP
 B = Vault XP
 C = Vault XP percentage of total XP
 D = Non-vault monster count
 E = Vault monster count
 F = Vault count percentage of total count
                 A         B        C        D         E       F
            +---------+---------+-------+---------+---------+-------
      Total |     256 |       6 |   2.3 |      73 |       5 |   6.4
            +---------+---------+-------+---------+---------+-------
        D:1 |      69 |       2 |   2.8 |      25 |       2 |   7.4
        D:2 |      58 |       2 |   3.3 |      27 |       2 |   6.9
        D:3 |     119 |       0 |   0.0 |      17 |       0 |   0.0
        D:4 |      10 |       2 |  16.7 |       4 |       1 |  20.0
            +---------+---------+-------+---------+---------+-------
